[Event "Team 45 45 League T70"]
[Site "Internet Chess Club"]
[Date "2016.09.25"]
[Round "3"]
[White "LookImYourVader"]
[Black "timothysmall56"]
[Result "1-0"]
[WhiteElo "1786"]
[BlackElo "1723"]
[Opening "Sicilian"]
[ECO "B50"]
[Time "17:51:37"]
[TimeControl "2700+45"]

1. e4 c5 2. Nf3 d6 3. c3 Nf6 4. Be2 Nc6 5. d4 cxd4 6. cxd4 Nxe4 7. d5 Qa5+ 8.
Nc3 Nxc3 9. bxc3 Ne5 10. O-O Nxf3+ 11. Bxf3 Qxc3 12. Rb1 Qc7 13. Qd3 a6 14. Bg5
g6 15. Rbc1 Qd8 16. Rfe1 h6 17. Qd4 Rg8 18. Bf6 Qd7 19. Rxe7+ Bxe7 20. Re1 Kf8
21. Bxe7+ Qxe7 22. Rxe7 Kxe7 23. Qe3+ Kd8 24. Qb6+ Ke7 25. Qc7+ Bd7 26. Qc1 g5
27. Qe3+ Kf6 28. Bh5 Rae8 29. Qf3+ Kg7 30. Qxf7+ Kh8 31. Qf6+ Kh7 32. Bxe8 Rxe8
33. h3 {Black resigns} 1-0

[Event "Team 45 45 League T70"]
[Site "Internet Chess Club"]
[Date "2016.09.25"]
[Round "3"]
[White "GrandUnified"]
[Black "OzymandiasVII"]
[Result "0-1"]
[WhiteElo "1547"]
[BlackElo "1573"]
[Opening "Réti opening"]
[ECO "A05"]
[Time "19:05:37"]
[TimeControl "2700+45"]

1. Nf3 Nf6 2. g3 d5 3. Bg2 c6 4. d4 Bg4 5. Ne5 Bc8 6. c4 e6 7. Nc3 Bd6 8. O-O
O-O 9. Bg5 h6 10. Bf4 dxc4 11. Qc2 Nd5 12. e4 Nxf4 13. gxf4 Qh4 14. Qd2 Nd7 15.
Ne2 Nf6 16. h3 b5 17. Nxc6 Nh5 18. e5 Bc7 19. Ne7+ Qxe7 20. Bxa8 a5 21. Qe3 Ba6
22. Bg2 g6 23. Nc3 Bb6 24. Rfd1 Ng7 25. Qf3 Nf5 26. d5 Nh4 27. Qg3 Nf5 28. Qg4
h5 29. Qe2 Nd4 30. Qd2 Bb7 31. d6 Qd7 32. Ne4 Kg7 33. Nf6 Qc8 34. Qc3 Bxg2 35.
Kxg2 Qc6+ 36. f3 b4 37. Qe3 Nc2 38. Qe4 Ne3+ 39. Kh1 Qc5 40. Nd7 Nxd1 41. Rxd1
Qf2 42. Nxf8 Kxf8 43. Re1 Qg3 44. Qe2 Bf2 45. Qf1 Bxe1 46. Qxc4 Qxf3+ 47. Kh2
Qg3+ 48. Kh1 Qxh3+ 49. Kg1 Qg3+ 50. Kh1 Bf2 51. Qc1 Qf3+ 52. Kh2 Be3 53. d7
Bxf4+ 54. Kg1 Be3+ 55. Kh2 Ke7 56. Qc8 Qf2+ 57. Kh1 Qg1# {White checkmated} 0-1

[Event "Team 45 45 League T70"]
[Site "Internet Chess Club"]
[Date "2016.09.25"]
[Round "3"]
[White "roji"]
[Black "anna"]
[Result "1-0"]
[WhiteElo "1866"]
[BlackElo "1806"]
[Opening "Queen's pawn, Mason variation"]
[ECO "D00"]
[Time "08:23:16"]
[TimeControl "2700+45"]

1. d4 d5 2. Bf4 Nf6 3. e3 Bf5 4. c4 e6 5. Qb3 Qc8 6. Nc3 c6 7. Rc1 Qd7 8. Nf3 b6
9. cxd5 exd5 10. Bxb8 Rxb8 11. Ne5 Qd6 12. Nxc6 Ra8 13. Nb5 Qd7 14. Ne5 Qb7 15.
Rc7 Qa6 16. Nd6+ Bxd6 17. Bb5+ Bd7 18. Bxa6 Bxc7 19. Nxd7 Kxd7 20. Bb7 Rad8 21.
Bxd5 Nxd5 22. Qxd5+ Ke7 23. Qg5+ Kf8 24. Ke2 f6 25. Qb5 Kf7 26. Rc1 Bd6 27. Qd5+
Ke7 28. Qe4+ Kf7 29. Qb7+ Be7 30. Rc7 Rhe8 31. Qxa7 Kf8 32. Qxb6 Rb8 33. Rb7
Rbc8 34. Kd3 Ra8 35. a3 {Black resigns} 1-0

[Event "Team 45 45 League T70"]
[Site "Internet Chess Club"]
[Date "2016.09.25"]
[Round "3"]
[White "vjbaker"]
[Black "cayo89"]
[Result "1-0"]
[WhiteElo "1847"]
[BlackElo "1752"]
[Opening "Caro-Kann: classical, Spassky variation"]
[ECO "B19"]
[Time "13:00:46"]
[TimeControl "2700+45"]

1. e4 c6 2. d4 d5 3. Nc3 dxe4 4. Nxe4 Bf5 5. Ng3 Bg6 6. h4 h6 7. Nf3 Nd7 8. h5
Bh7 9. Bd3 Bxd3 10. Qxd3 Qc7 11. Bd2 e6 12. O-O-O Ngf6 13. c4 O-O-O 14. Kb1 Bd6
15. Ne4 Nxe4 16. Qxe4 Nf6 17. Qc2 Ng4 18. Bc3 Rhg8 19. Rh4 f5 20. Re1 Qf7 21.
Qe2 Rde8 22. b4 g5 23. hxg6 Rxg6 24. b5 cxb5 25. c5 Bc7 26. Qxb5 Qd7 27. Qb2 Nf6
28. Ka1 Nd5 29. Rb1 Bb8 30. Bd2 Reg8 31. c6 Qe7 32. cxb7+ Kd8 33. Ne5 Qxh4 34.
Ba5+ Nc7 35. Nc6+ Kd7 36. Rc1 Rxg2 37. Nxb8+ {Black resigns} 1-0

[Event "Team 45 45 League T70"]
[Site "Internet Chess Club"]
[Date "2016.09.22"]
[Round "3"]
[White "tightfist"]
[Black "Elton2013"]
[Result "0-1"]
[WhiteElo "1573"]
[BlackElo "1773"]
[Opening "Queen's pawn game"]
[ECO "D04"]
[Time "20:00:57"]
[TimeControl "2700+45"]

1. Nf3 d5 2. d4 Nf6 3. e3 g6 4. b3 Bg7 5. Bb2 O-O 6. Be2 c6 7. O-O Bg4 8. Nbd2
Nbd7 9. c4 Rc8 10. Rc1 Re8 11. h3 Bxf3 12. Nxf3 Ne4 13. Qd3 e6 14. Rc2 Qe7 15.
Rfc1 Rcd8 16. cxd5 exd5 17. a3 f5 18. b4 a6 19. Qb3 Qf7 20. a4 f4 21. b5 fxe3
22. fxe3 axb5 23. axb5 Ng3 24. bxc6 bxc6 25. Bf1 Bh6 26. Re1 Qe6 27. Bc1 Nf5 28.
Rce2 Ng3 29. Rc2 Nf6 30. Ne5 Rc8 31. e4 Bxc1 32. exd5 cxd5 33. Rxc8 Rxc8 34.
Qxg3 Ne4 35. Qb3 Rc3 36. Qb8+ Qc8 37. Qxc8+ Rxc8 38. Ba6 Rc3 39. Bd3 Bd2 40. Re2
Rc1+ 41. Kh2 Bf4+ 42. g3 Nxg3 43. Rf2 Nh5+ 44. Kg2 Be3 45. Rf3 Bxd4 46. Kh2
Bxe5+ 47. Kg2 Rd1 48. Be2 Rd2 49. Re3 Rxe2+ 50. Rxe2 Nf4+ 51. Kf3 Nxe2 52. Kxe2
d4 53. Kd3 Kf7 54. Ke4 Ke6 55. Kd3 Kf5 56. Ke2 Ke4 57. Kd2 h5 58. Ke2 g5 59. Kf2
d3 60. Ke1 Bf4 61. Kf2 d2 62. Ke2 g4 63. hxg4 hxg4 64. Kd1 g3 65. Ke2 g2 {White
resigns} 0-1